 Dungeon Crawl Stone Soup version 0.20.1-1-g8b1a95d66d (webtiles) character file.

27 NullDivider the Charlatan (level 3, -2/23 HPs)
             Began as an Octopode Artificer on Dec 11, 2017.
             Slain by a leopard gecko (5 damage)
             ... on level 2 of the Dungeon.
             The game lasted 00:02:26 (722 turns).

NullDivider the Charlatan (Octopode Artificer)       Turns: 722, Time: 00:02:27

Health: -2/23      AC:  1    Str: 11    XL:     3   Next: 10%
Magic:  5/5        EV: 13    Int: 13    God:
Gold:   16         SH:  0    Dex: 13    Spells: 2/2 levels left

rFire    . . .     SeeInvis .   a - +0 short sword
rCold    . . .     Gourm    .   (no shield)
rNeg     . . .     Faith    .   (helmet restricted)
rPois    .         Spirit   .   (no amulet)
rElec    .         Reflect  .   (no ring)
rCorr    .         Harm     .   (no ring)
MR       .....                  (no ring)
Stlth    +++.......             (no ring)
Regen    0.1/turn               (no ring)
MPRegen  0.1/turn               (no ring)
                                (no ring)
                                (no ring)

@: no status effects
A: almost no armour, stealthy swim, amphibious, 8 rings, constrict 8, camouflage
1, gelatinous body 1
a: no special abilities


You were on level 2 of the Dungeon.
You were not hungry.

You visited 1 branch of the dungeon, and saw 2 of its levels.

You collected 16 gold pieces.

Inventory:

Hand Weapons
 a - a +0 short sword (weapon)
Wands
 b - a wand of flame (15/48)
 c - a wand of enslavement (15/24)
 d - a wand of random effects (13/48)
Scrolls
 e - 3 scrolls of identify {unknown}
 g - a scroll of remove curse {unknown}
 k - 2 scrolls of fog {unknown}
 l - a scroll of amnesia {unknown}
 m - a scroll of enchant weapon {unknown}
 n - a scroll of random uselessness {unknown}
Potions
 j - a potion of lignification {unknown}
 o - a potion of degeneration {unknown}
Comestibles
 f - a bread ration
 h - 2 chunks of flesh
 i - 2 meat rations


   Skills:
 + Level 1.3 Fighting
 + Level 1.6 Short Blades
 + Level 2.2 Dodging
 * Level 2.5 Stealth
 + Level 3.5 Evocations


You had 2 spell levels left.
You didn't know any spells.

Dungeon Overview and Level Annotations

Branches:
Dungeon (2/15)

Altars:
Kikubaaqudgha

Annotations:
D:2 Natasha


Innate Abilities, Weirdness & Mutations

You cannot wear most types of armour.
You are very stealthy in the water. (Stealth+)
You are amphibious.
You can wear up to eight rings at the same time.
You can use your tentacles to constrict eight enemies at once.
Your skin changes colour to match your surroundings (Stealth+).
Your rubbery body absorbs attacks. (AC +1, EV +1)


Message History

Evoke which item? (* to show all) (? for menu, Esc to quit)
Aiming: Random Effects
Press: ? - help, Shift-Dir - straight line, f - Natasha
Aim: Natasha (moderately wounded, constricted by you, fast) Natasha looks slightly unstable.
This wand has 14 charges left.
You constrict Natasha.
Natasha howls an incantation.
Natasha's front paws start to glow.
Natasha barely misses you. The goblin hits you with a dagger.
The leopard gecko barely misses you.
Evoke which item? (* to show all) (? for menu, Esc to quit)
Aiming: Random Effects
Press: ? - help, Shift-Dir - straight line, f/p - Natasha
Aim: Natasha (heavily wounded, constricted by you, fast) Natasha struggles to resist.
This wand has 13 charges left.
You constrict Natasha, but do no damage.
Natasha claws you.
* * * LOW HITPOINT WARNING * * *
The leopard gecko bites you.
You die...

.#... ..... ........#
.## .......# .####..
....$..## .......
.......## #####. #.
##.......## .#
##.##.........# ......
...#.hgl.....#
....########.#..@......#
..).#....##............#
....#._.....⌠..........#
....#.≈..≈.≈...<.......#
....#..≈≈≈≈≈.......$...#
....##...≈≈≈≈........<.#
....##..≈≈≈≈≈..........#
....#....≈≈≈.)....(....#
......⌠.......#.....?.##


You could see Natasha, a leopard gecko and a goblin.

Vanquished Creatures
  An adder (D:2)
  A leopard gecko (D:2)
  A bat (D:2)
  4 goblins
  2 hobgoblins (D:2)
  2 kobolds (D:1)
  A ball python (D:2)
  3 frilled lizards
  2 rats (D:2)
17 creatures vanquished.

Notes
Turn   | Place    | Note
-------+----------+-------------------------------------------
     0 | D:1      | NullDivider the Octopode Artificer began the quest for the Orb.
     0 | D:1      | Reached XP level 1. HP: 13/13 MP: 3/3
   282 | D:1      | Reached XP level 2. HP: 18/18 MP: 4/4
   483 | D:2      | Reached XP level 3. HP: 23/23 MP: 5/5
   682 | D:2      | Found an ancient bone altar of Kikubaaqudgha.
   712 | D:2      | Noticed Natasha
   722 | D:2      | Slain by a leopard gecko

Skill      XL: |  1 |
---------------+----+-----
Stealth        | 2 |  2.5
Fighting       | |  1.3
Short Blades   | |  1.6
Dodging        | |  2.2
Evocations     | |  3.5

Action                   || total
-------------------------++-------
Melee: Short sword       ||    33
       Constrict         ||     7
       Tentacles         ||     2
Evoke: Wand              ||     2
 Stab: Sleeping          ||     6
Armor: Skin              ||     3
Dodge: Dodged            ||    19
